Map: Cyber Forest LE

Players

killerx

  • Race: Terran Terran
  • League: Silver
  • Spawn Location: 11:00

Throwfordays - Winner!

  • Race: Zerg Zerg
  • League: Silver
  • Spawn Location: 5:00

VOD

Have the link to the VOD?

Description

Time

  • Played on: May 17, 2019, 5:36 p.m.
  • Length: 26:17
Show
View Real Time Build Order
Export as new Build Order

killerx Terran 

Build Orders:  

Get SALT Encoding   

  12  0:14  SCV  
  13  0:22  Supply Depot  
  13  0:26  SCV  
  14  0:38  Refinery  
  14  0:39  SCV  
  15  0:48  Barracks  
  15  1:00  SCV  
  16  1:05  Supply Depot  
  16  1:12  SCV  
  17  1:32  Barracks  
  17  1:47  Supply Depot  
  17  1:55  Marine  
  18  2:06  SCV  
  19  2:10  Command Center  
  19  2:18  SCV  
  20  2:25  Reaper  
  20  2:29  Reaper  
  22  2:43  SCV  
  23  2:46  Factory  
  23  2:48  Refinery  
  23  2:55  SCV  
  24  3:08  SCV  
  25  3:20  SCV  
  25  3:24  SCV  
  27  3:28  Marine  
  27  3:29  Marine  
  27  3:32  SCV  
  30  3:36  SCV  
  31  3:46  Marine x2  
  32  3:48  SCV  
  33  3:59  Factory Tech Lab  
  33  4:00  SCV  
  34  4:05  Barracks Reactor  
  34  4:13  SCV  
  34  4:15  SCV, Factory  
  36  4:19  Engineering Bay  
  36  4:21  Siege Tank  
  39  4:25  SCV  
  39  4:30  Marine  
  41  4:47  Marine  
  42  4:54  SCV  
  42  4:57  Orbital Command  
  43  5:00  Factory Tech Lab  
  43  5:05  Marine, Armory, Terran Infantry Weapons Level 1  
  43  5:06  SCV  
  45  5:11  Missile Turret  
  45  5:16  Marine x2  
  45  5:18  SCV  
  48  5:23  Marine  
  49  5:31  SCV  
  49  5:32  Refinery  
  49  5:34  Marine x2, SCV  
  53  5:41  Marine  
  54  5:51  Supply Depot  
  54  5:59  Missile Turret  
  54  6:07  Supply Depot  
  54  6:10  Marine  
  54  6:12  SCV  
  54  6:13  SCV  
  52  6:25  SCV x2  
  44  6:28  Marine  
  44  6:30  Siege Tank x2  
  51  6:37  SCV x2  
  51  6:49  SCV x2  
  53  7:01  SCV  
  54  7:09  Sensor Tower  
  54  7:13  SCV  
  55  7:25  SCV  
  55  7:27  SCV  
  57  7:34  Terran Infantry Armor Level 1  
  57  7:37  SCV  
  57  7:39  SCV  
  57  7:41  Armory  
  59  7:49  SCV  
  60  7:51  SCV  
  60  7:55  Marine  
  62  8:08  Supply Depot  
  62  8:29  Marine x2, SCV x2  
  62  8:32  Supply Depot  
  66  8:40  Terran Vehicle And Ship Armor Level 1, Missile Turret  
  66  8:41  SCV x2  
  66  8:45  Starport  
  66  8:47  Marine x2  
  70  8:54  SCV  
  70  8:55  Supply Depot  
  71  9:04  Marine x2  
  71  9:06  SCV  
  74  9:15  Refinery  
  74  9:18  SCV  
  74  9:22  Marine x2  
  77  9:28  Terran Infantry Weapons Level 2  
  77  9:30  SCV x2  
  79  9:37  Command Center  
  79  9:40  Marine x2, Starport Reactor  
  79  9:42  SCV x2  
  83  9:58  Marine x2  
  85  10:07  Supply Depot  
  85  10:21  Sensor Tower, Orbital Command  
  85  10:31  Supply Depot  
  85  10:34  Terran Vehicle Weapons Level 1  
  85  10:35  Thor  
  85  10:42  Thor, Viking  
  97  10:43  Viking  
  101  10:54  Supply Depot  
  101  11:12  Viking  
  101  11:13  Viking  
  105  11:35  SCV  
  106  11:44  Supply Depot, Terran Infantry Armor Level 2  
  106  11:47  SCV  
  107  11:59  SCV  
  108  12:04  Thor x2  
  120  12:11  SCV  
  120  12:12  Marine x2  
  123  12:19  Supply Depot  
  123  12:24  SCV  
  123  12:27  Terran Vehicle And Ship Armor Level 2  
  124  12:30  Marine x2  
  124  12:36  SCV  
  127  12:47  Marine x2  
  127  12:48  SCV  
  130  13:00  SCV  
  130  13:05  Marine x2, Viking x2  
  133  13:12  SCV  
  134  13:28  Missile Turret  
  134  13:30  Missile Turret  
  134  13:35  Viking, Missile Turret  
  134  13:36  Missile Turret  
  134  13:38  Missile Turret  
  136  13:42  Missile Turret  
  136  13:43  SCV  
  137  13:55  SCV  
  138  14:00  Terran Infantry Weapons Level 3  
  137  14:07  SCV  
  137  14:08  Viking x2  
  142  14:19  SCV  
  143  14:29  Armory  
  144  14:31  SCV  
  144  14:35  Refinery  
  144  14:38  Viking x2  
  148  14:39  Refinery  
  148  14:43  SCV  
  148  14:44  Terran Ship Weapons Level 1  
  149  15:02  Supply Depot  
  149  15:07  SCV  
  150  15:08  Viking x2  
  154  15:16  Terran Vehicle And Ship Armor Level 3  
  154  15:19  SCV  
  155  15:29  Starport  
  155  15:38  Viking x2  
  159  16:07  Viking  
  159  16:08  Viking  
  159  16:09  Starport Reactor  
  163  16:14  Fusion Core  
  163  16:24  Supply Depot  
  163  16:37  Terran Infantry Armor Level 3, Viking  
  163  16:38  Viking  
  167  17:07  Viking  
  167  17:08  Viking  
  171  17:18  Marine x2  
  173  17:31  Terran Ship Weapons Level 2  
  173  17:33  Weapon Refit  
  173  17:36  Marine x2  
  175  17:38  Viking x3  
  181  17:52  Supply Depot  
  181  18:03  Marine x2, Viking  
  185  18:08  Viking x2  
  189  18:13  Viking  
  189  18:14  Supply Depot  
  189  18:16  Terran Vehicle Weapons Level 2  
  191  18:21  Marine x2  
  193  18:33  Viking  
  195  19:03  Orbital Command  
  195  19:17  Refinery  
  195  19:19  Refinery  
  185  20:14  Viking x4  
  193  20:24  Terran Ship Weapons Level 3  
  185  20:44  Viking x3, Medivac  
  193  21:00  Neosteel Armor  
  193  21:13  Viking  
  193  21:14  Viking x2  
  199  21:24  Command Center  
  199  21:34  Orbital Command  
  199  21:58  Terran Vehicle Weapons Level 3  
  199  22:23  Refinery  
  199  22:32  Marine  
  125  24:00  Viking x3  
  125  24:01  Viking  
  131  24:02  Orbital Command  
  131  24:30  Viking x3  
  131  24:31  Viking  
  58  25:00  Viking x3  
  58  25:01  Viking  
  39  25:26  Marine  
  35  25:30  Viking x4  
  35  25:34  Marine  
  39  26:00  Supply Depot  
Show
View Real Time Build Order
Export as new Build Order

Throwfordays Zerg - Winner!

Build Orders: Hatch First 

Get SALT Encoding   

  12  0:01  Drone  
  13  0:10  Drone  
  14  0:17  Overlord  
  14  0:43  Hatchery  
  14  0:46  Drone  
  14  0:51  Drone  
  14  0:55  Drone  
  16  1:11  Spawning Pool  
  15  1:14  Drone  
  16  1:18  Drone  
  16  1:21  Extractor  
  16  1:24  Drone  
  17  1:32  Overlord  
  17  1:40  Drone  
  18  1:52  Drone  
  19  1:56  Drone  
  19  2:00  Queen  
  22  2:03  Queen  
  24  2:09  Drone  
  24  2:13  Drone  
  26  2:16  Zergling x2  
  26  2:19  Drone  
  28  2:24  Zergling x2  
  29  2:33  Evolution Chamber  
  29  2:34  Drone  
  29  2:41  Drone  
  30  2:45  Drone  
  30  2:48  Metabolic Boost  
  31  2:52  Zergling x2  
  31  2:57  Drone  
  33  3:09  Zergling x6  
  33  3:10  Hatchery  
  35  3:13  Overlord  
  35  3:19  Drone  
  36  3:22  Overlord  
  36  3:35  Zergling x6  
  39  3:49  Drone x6  
  45  3:57  Lair  
  45  3:58  Drone x2  
  45  4:00  Extractor  
  45  4:02  Drone x2  
  48  4:07  Drone  
  49  4:10  Zerg Melee Weapons Level 1  
  49  4:25  Drone  
  49  4:26  Drone  
  49  4:29  Baneling Nest  
  49  4:31  Extractor  
  49  4:32  Extractor  
  49  4:33  Roach Warren, Drone x3  
  50  4:40  Zergling x4  
  50  4:41  Zergling x2  
  50  4:43  Zergling x6  
  50  4:44  Zergling x2  
  57  4:51  Drone  
  58  4:53  Overlord  
  58  4:55  Overlord  
  58  5:05  Nydus Network  
  57  5:11  Queen  
  57  5:13  Drone x2  
  61  5:17  Centrifical Hooks  
  61  5:19  Drone  
  61  5:20  Drone x2  
  64  5:22  Drone  
  64  5:23  Drone  
  66  5:29  Baneling x2  
  66  5:31  Baneling  
  66  5:33  Drone x4  
  70  5:38  Overlord  
  70  5:48  Nydus Canal  
  70  5:55  Zergling x4  
  56  6:47  Zergling x4  
  56  6:48  Zergling x2  
  56  6:52  Zergling x2  
  56  6:53  Zergling x10  
  65  6:57  Drone x3  
  68  7:09  Roach  
  68  7:11  Baneling x7  
  68  7:12  Baneling x3  
  68  7:13  Zerg Melee Weapons Level 2  
  70  7:15  Glial Reconstitution  
  70  7:22  Zergling x6  
  73  7:23  Zergling x4  
  75  7:32  Drone  
  75  7:33  Drone x4  
  80  7:37  Zergling x4  
  80  7:39  Overlord x3  
  82  7:58  Overseer  
  82  8:03  Overseer  
  82  8:12  Roach x2  
  86  8:15  Roach x3  
  86  8:16  Roach x3  
  98  8:21  Drone x3  
  98  8:22  Drone x3  
  98  8:26  Roach  
  106  8:29  Overlord x3  
  106  8:39  Overlord x2  
  106  9:14  Nydus Canal  
  106  9:28  Roach x5  
  106  9:29  Ravager  
  106  9:30  Ravager x2  
  119  9:32  Ravager x3  
  119  9:33  Ravager x3  
  125  9:40  Extractor  
  125  9:42  Extractor  
  123  9:45  Drone  
  123  9:49  Zerg Missile Weapons Level 1  
  123  9:52  Tunneling Claws  
  124  9:57  Overseer  
  124  9:59  Overlord x2  
  124  10:41  Drone x2, Hatchery  
  124  10:42  Drone x2  
  127  10:44  Evolution Chamber  
  126  10:51  Spire  
  126  10:53  Infestation Pit  
  126  10:54  Hatchery  
  123  11:01  Hydralisk Den  
  122  11:23  Drone x3  
  126  11:25  Drone x3  
  128  11:46  Spire  
  128  11:47  Hydralisk x6  
  139  11:56  Queen  
  139  11:57  Drone  
  142  12:09  Zerg Flyer Weapons Level 1  
  142  12:10  Mutalisk x2  
  142  12:13  Mutalisk x2  
  150  12:18  Overlord x4  
  150  12:28  Zerg Missile Weapons Level 2  
  150  12:31  Hive  
  150  12:32  Zerg Ground Armor Level 1  
  150  12:38  Lurker Den  
  150  12:43  Corruptor  
  150  12:44  Corruptor x2  
  149  12:49  Mutalisk x4  
  163  12:53  Mutalisk x3  
  167  13:29  Grooved Spines  
  167  13:44  Drone x6  
  173  13:53  Queen, Drone  
  173  13:54  Extractor x2  
  174  14:09  Overlord x3  
  174  14:11  Overlord x2  
  174  14:12  Overlord x4  
  174  14:29  Corruptor x4  
  174  14:30  Corruptor  
  184  14:33  Corruptor  
  184  14:37  Zerg Flyer Weapons Level 2, Greater Spire  
  186  15:23  Extractor  
  186  15:26  Extractor  
  184  15:59  Brood Lord x2  
  184  16:00  Brood Lord x6  
  200  16:12  Overseer x4  
  200  16:18  Zerg Flyer Armor Level 1  
  200  16:21  Zerg Missile Weapons Level 3  
  200  16:23  Zerg Ground Armor Level 2  
  200  18:58  Zerg Ground Armor Level 3, Zerg Melee Weapons Level 3  
  200  19:00  Adrenal Glands  
  200  19:02  Zerg Flyer Weapons Level 3  
  200  19:03  Zerg Flyer Armor Level 2, Adaptive Talons  
  200  19:05  Muscular Augments  
  178  20:16  Mutalisk x4  
  178  20:17  Mutalisk x7  
  200  21:24  Zerg Flyer Armor Level 3  
  200  21:44  Spore Crawler x4  
  200  21:46  Spore Crawler  
  195  21:48  Spore Crawler  
  195  21:51  Spore Crawler  
  195  21:52  Spore Crawler  
  192  22:00  Mutalisk x4  
  200  22:58  Mutalisk x2  
  166  23:43  Mutalisk  
  166  23:44  Mutalisk x3  
  166  23:48  Mutalisk x8  
  170  23:49  Mutalisk x5  
  104  25:01  Mutalisk  
  104  25:02  Mutalisk x8  
  104  25:03  Mutalisk x6  
  129  25:08  Roach x3  
  129  25:12  Roach x5  
  145  25:16  Corruptor x6  
  145  25:17  Corruptor x7  
  167  25:23  Hydralisk x7  
  167  25:24  Hydralisk x5  
Tags
 
Matchup
TvZ
Replay Pack
Multiplayer
Spawn Locations
Cross Positions
Add a new tag
Caveats
  • Supply blocks, unpowered buildings, or Contaminate may cause inaccurate times.
  • Supply counts are checked every 10 seconds.